 Dungeon Crawl Stone Soup version 0.29.1-12-g30fa7ad0bf (webtiles) character file.

Game seed: 13402597704763296083

89 soggyman666 the Trooper (level 4, 0/29 HPs)
             Began as a Gargoyle Monk on Dec 25, 2022.
             Was an Initiate of Ashenzari.
             Slain by Grinder (4 damage)
             ... on level 3 of the Dungeon.
             The game lasted 00:06:07 (3056 turns).

soggyman666 the Trooper (Gargoyle Monk)             Turns: 3056, Time: 00:06:08

Health: 0/29       AC:  8    Str: 17    XL:     4   Next: 55%
Magic:  4/4        EV: 11    Int: 10    God:    Ashenzari [......]
Gold:   113        SH:  3    Dex: 12    Spells: 3/3 levels left

rFire   . . .      SeeInvis .   a - +0 hand axe
rCold   . . .      Faith    .   q - +0 buckler
rNeg    + . .      Spirit   .   m - +0 ring mail
rPois   ∞          Reflect  .   (no helmet)
rElec   +          Harm     .   (no cloak)
rCorr   .          Rampage  .   (no gloves)
Will    .....                   (no boots)
Stlth   +.........              (no amulet)
HPRegen 0.09/turn               (no ring)
MPRegen 0.09/turn               (no ring)

@: no status effects
A: sickness immunity, AC +3, negative energy resistance 1, electricity
resistance, torment resistance 1, petrification resistance
a: Renounce Religion, Curse Item


You were on level 3 of the Dungeon.
You worshipped Ashenzari.
Ashenzari was noncommittal.
You visited 1 branch of the dungeon, and saw 3 of its levels.

You collected 113 gold pieces.

Inventory:

Hand Weapons
 a - a +0 hand axe (weapon)
 l - a +2 dagger of venom
 r - a +3 flail
Missiles
 s - 7 poisoned darts (quivered)
Armour
 m - a +0 ring mail (worn)
 q - a +0 buckler (worn)
Scrolls
 f - a scroll of fear
 g - a scroll of amnesia {unknown}
 h - 3 scrolls of teleportation
 n - a scroll of magic mapping {unknown}
 u - 2 scrolls of identify {unknown}
Potions
 b - a potion of might {unknown}
 c - a potion of ambrosia
 d - a potion of flight {unknown}
 e - a potion of mutation {unknown}
 i - 2 potions of curing {unknown}
 j - a potion of attraction {unknown}
 k - a potion of heal wounds {unknown}
 o - 2 potions of lignification {unknown}
 p - a potion of cancellation {unknown}
 t - 2 potions of magic {unknown}


   Skills:
 + Level 3.9 Fighting
 + Level 3.7 Axes
 + Level 0.9 Armour
 + Level 2.7 Dodging
 - Level 2.8 Stealth


You had 3 spell levels left.
You didn't know any spells.
Your spell library contained the following spells:

 Spells                   Type           Power      Damage    Failure   Level
 Ignite Poison            Fire/Tmut/Pois 0%         N/A       96%         3
 Mephitic Cloud           Conj/Pois/Air  0%         N/A       96%         3
 Freezing Cloud           Conj/Ice/Air   0%         6-21      100%        5


Dungeon Overview and Level Annotations

Branches:
Dungeon (3/15)

Altars:
Ashenzari
Yredelemnul

Shops:
D:1 [

Annotations:
D:3 Grinder


Innate Abilities, Weirdness & Mutations

You are immune to sickness and miasma.
Your stone body is resilient. (AC +3)
You are immune to poison.
You resist negative energy. (rN+)
You are resistant to electric shocks. (rElec)
You are resistant to unholy torment.
You are immune to petrification.


Message History

No target in view!
Grinder is nearby!
Press: ? - help, v - describe, . - travel
Here: Grinder (lightly wounded)
The floor.
You don't know any spells.
Unknown command.
Okay, then.
You see here a dart slug corpse.
Grinder hits you!
You are too injured to fight recklessly!
You are too injured to fight recklessly!
You are too injured to fight recklessly!
You are too injured to fight recklessly!
You are too injured to fight recklessly!
You are too injured to fight recklessly!
You are too injured to fight recklessly!
You hit Grinder.
Grinder is lightly wounded.
Grinder hits you.
* * * LOW HITPOINT WARNING * * *
You barely miss Grinder.
Grinder is lightly wounded.
Grinder misses you.
You closely miss Grinder.
Grinder is lightly wounded.
Grinder barely misses you.
You closely miss Grinder.
Grinder is lightly wounded.
Grinder hits you but does no damage.
You hit Grinder.
Grinder is moderately wounded.
You block Grinder's attack. Grinder hits you.
* * * LOW HITPOINT WARNING * * *
You writhe in agony.
* * * LOW HITPOINT WARNING * * *
You slash Grinder!
Grinder is heavily wounded.
Grinder hits you.
You die...

#.#####........#
####.#####.#####..#
#......)...# #..#
#.##.###########..##
####.##.# ..........
#.....#.# ######..##
#.##..#.###.## #..#
# #..#5...... .....
#..@.....# ####.. #
#.†####### #..#
#.##...###### #...
#....†....... #...
#.##...###### #... #
##.## #. #.# #. #.#
. #. #.# #.####.##


You could see Grinder.

Vanquished Creatures
  2 adders (D:2)
  2 worms (D:2)
  A dart slug (D:3)
  8 orcs
  5 bats
  4 endoplasms (D:1)
  A giant cockroach (D:1)
  7 hobgoblins
  2 quokkas
  3 ball pythons
  A frilled lizard (D:2)
  6 goblins
  5 kobolds
  6 rats
53 creatures vanquished.

Vanquished Creatures (others)
  A plant (D:3)
1 creature vanquished.

Grand Total: 54 creatures vanquished

Notes
Turn   | Place    | Note
-------+----------+-------------------------------------------
     0 | D:1      | soggyman666 the Gargoyle Monk began the quest for the Orb.
     0 | D:1      | Reached XP level 1. HP: 14/14 MP: 1/1
   459 | D:1      | Found Niarr's Antique Armour Shop.
   637 | D:1      | Reached XP level 2. HP: 13/19 MP: 2/2
  1383 | D:2      | Reached XP level 3. HP: 24/24 MP: 3/3
  1705 | D:2      | Found a faded altar of an unknown god.
  1713 | D:2      | Reached XP level 4. HP: 24/29 MP: 4/4
  2355 | D:3      | Noticed a phantom
  2369 | D:3      | HP: 1/29 [orc/+0 hand axe (3)]
  2371 | D:3      | Found a basalt altar of Yredelemnul.
  2409 | D:3      | HP: 1/29 [orc/+3 flail (4)]
  2928 | D:3      | Found a broken altar of Ashenzari.
  2962 | D:3      | Became a worshipper of Ashenzari the Shackled
  3027 | D:3      | Noticed Grinder
  3056 | D:3      | Slain by Grinder

Illustrated notes

Levels and vault maps discovered:
D:1:      eino_arrival_cavern_e, layout_loops_ring, serial_shops,
          nicolae_shop_advertising_works [nicolae_subvault_shop_adworks]
D:2:      layout_basic, chequers_ecumenical_altar_simple_redux
D:3:      layout_loops_ring, mainiacjoe_overflow_boulevard,
          ashenzari_conservatory_becter, trog_butcher_becter, uniq_grinder

Skill      XL: |  1  2 |
---------------+-------+-----
Axes           | 3 |  3.7
Fighting       | |  3.9
Armour         | |  0.9
Dodging        | |  2.7
Stealth        | |  2.8

Action                   |  1- 3 |  4- 6 || total
-------------------------+-------+-------++-------
Melee: Hand axe          |    96 |    63 ||   159
       Punch             |     1 |       ||     1
Throw: Dart              |       |     2 ||     2
  Use: Scroll            |     1 |     2 ||     3
 Stab: Sleeping          |     8 |     2 ||    10
Armor: Robe              |     7 |       ||     7
       Ring mail         |    18 |    32 ||    50
Dodge: Dodged            |    48 |    47 ||    95
Block: Buckler           |       |    15 ||    15
